 Dungeon Crawl Stone Soup version 0.23.2-40-g277498a (webtiles) character file.

Game seed: 8877463716670763490

21053 Aphrodieselac the Impaler (level 12, -4/78 HPs)
             Began as a Merfolk Skald on Sept 4, 2019.
             Was a High Priest of Okawaru.
             Slain by a harpy (9 damage)
             ... summoned by Kirke
             ... on level 11 of the Dungeon.
             The game lasted 01:22:25 (13553 turns).

Aphrodieselac the Impaler (Merfolk Skald)          Turns: 13553, Time: 01:22:26

Health: -4/78      AC: 17    Str: 16    XL:     12   Next: 85%
Magic:  1/15       EV: 14    Int: 18    God:    Okawaru [*****.]
Gold:   670        SH:  4    Dex: 17    Spells: 4/15 levels left

rFire    . . .     SeeInvis +   T - +0 trident (pierce)
rCold    + . .     Gourm    +   v - +0 buckler
rNeg     . . .     Faith    .   F - +4 ring mail of Dyspraxia {rC+ Regen+ Dex+4 SInv}
rPois    +         Spirit   .   g - +0 helmet
rElec    .         Reflect  .   h - +1 cloak
rCorr    .         Harm     .   P - +1 pair of gloves {Str+3}
MR       .....                  (no boots)
Stlth    +.........             y - amulet of the gourmand
HPRegen  0.63/turn              i - ring of poison resistance
MPRegen  0.14/turn              j - +2 ring of intelligence

@: lethally poisoned (-4 -> -4), studying Long Blades
A: change form in water, swift swim, stealthy swim
a: Heroism, Finesse, Renounce Religion


You were on level 11 of the Dungeon.
You worshipped Okawaru.
Okawaru was extremely pleased with you.
You were full.

You visited 2 branches of the dungeon, and saw 13 of its levels.

You collected 670 gold pieces.

Inventory:

Hand Weapons
 b - a +0 hunting sling
 H - a +0 spear of pain
 T - a +0 trident of piercing (weapon)
 U - a +0 falchion of flaming
 V - a +1 scimitar of flaming
Missiles
 x - 78 sling bullets
 A - 6 tomahawks (quivered)
Armour
 g - a +0 helmet (worn)
 h - a +1 cloak (worn)
 r - a +1 pair of gloves of dexterity
 v - a +0 buckler (worn)
 F - the +4 ring mail of Dyspraxia (worn) {rC+ Regen+ Dex+4 SInv}
   (You found it on level 6 of the Dungeon)

   It affects your dexterity (+4).
   It protects you from cold.
   It lets you see invisible.
   It increases your rate of regeneration.
 P - a +1 pair of gloves of strength (worn)
Jewellery
 a - an uncursed ring of poison resistance
 f - an uncursed amulet of rage
 i - a ring of poison resistance (left hand)
 j - a +2 ring of intelligence (right hand)
 y - an amulet of the gourmand (around neck)
 W - an uncursed amulet of guardian spirit
 Y - an uncursed ring of positive energy
Wands
 E - a wand of enslavement (10)
 G - a wand of paralysis (8)
 J - a wand of polymorph (6)
 N - a wand of iceblast (8)
Scrolls
 c - a scroll of teleportation
 m - 2 scrolls of fog {unknown}
 n - 2 scrolls of random uselessness {unknown}
 o - a scroll of identify
 p - 4 scrolls of remove curse
 q - 2 scrolls of blinking {unknown}
 t - a scroll of magic mapping {unknown}
 w - 3 scrolls of immolation {unknown}
 B - 3 scrolls of fear {unknown}
 C - 3 scrolls of enchant weapon {unknown}
 M - a scroll of enchant armour {unknown}
 R - 2 scrolls of amnesia {unknown}
 S - a scroll of vulnerability {unknown}
Potions
 e - 2 potions of agility {unknown}
 k - 2 potions of heal wounds
 l - 2 potions of mutation
 s - 3 potions of brilliance
 u - 2 potions of might {unknown}
 z - 4 potions of curing
 D - a potion of lignification
 I - 2 potions of magic {unknown}
 K - 2 potions of resistance {unknown}
 O - a potion of cancellation
 X - a potion of haste {unknown}
 Z - a potion of flight {unknown}
Books
 Q - a manual of Long Blades
Comestibles
 d - 26 rations


   Skills:
 - Level 2.1 Fighting
 + Level 16.6 Polearms
 - Level 9.1 Armour
 + Level 6.1 Dodging
 - Level 2.0 Spellcasting
 - Level 13.0 Charms


You had 4 spell levels left.
You knew the following spells:

 Your Spells              Type           Power        Failure   Level  Hunger
a - Infusion              Chrm           ####         1%          1    #......
b - Song of Slaying       Chrm           #####...     1%          2    ###....
c - Shroud of Golubria    Chrm/Tloc      ####......   5%          2    ###....
d - Regeneration          Chrm/Necr      ####......   11%         3    ###....
e - Spectral Weapon       Hex/Chrm       ####....     11%         3    ###....

Your spell library contained the following spells:

 Spells                   Type           Power        Failure   Level  Hunger
 Animate Skeleton         Necr           N/A          45%         1    #......
 Apportation              Tloc           #.....       45%         1    #......
 Confusing Touch          Hex            #.....       45%         1    #......
 Summon Small Mammal      Summ           #...         45%         1    #......
 Poisonous Vapours        Pois/Air       #.....       58%         2    ###....
 Confuse                  Hex            #.......     83%         3    ###....
 Conjure Flame            Conj/Fire      #.......     83%         3    ###....
 Gell's Gravitas          Tloc           #.........   83%         3    ###....
 Mephitic Cloud           Conj/Pois/Air  #.......     83%         3    ###....
 Petrify                  Tmut/Erth      #.......     99%         4    #####..
 Metabolic Englaciation   Hex/Ice        #.........   100%        5    ######.
 Yara's Violent Unravell  Hex/Tmut       #.........   100%        5    ######.
 Freezing Cloud           Conj/Ice/Air   #.........   100%        6    #######
 Ring of Flames           Chrm/Fire      ####......   100%        7    #######


Dungeon Overview and Level Annotations

Branches:
Dungeon (12/15)            Temple (1/1) D:7             Orc (0/2) D:10
   Lair: D:8-11

Altars:
Ashenzari
Cheibriados
Dithmenos
Elyvilon
Fedhas
Gozag
Hepliaklqana
Kikubaaqudgha
Makhleb
Nemelex Xobeh
Okawaru
Ru
Trog
Uskayaw
Vehumet
Xom
Yredelemnul
The Shining One

Shops:
D:12 [!

Portals:
Trove: D:11 (give 9 potions of haste)

Annotations:
D:4 3 runed translucent doors, paraphrased's ghost, amateur GrGl
D:6 2 transporters, EldritchArcana's ghost, novice GnCj
D:10 2 runed translucent doors
D:11 Kirke


Message History

Okawaru accepts your kill.
You hear a splash. x4
The harpy claws you but does no damage. The harpy closely misses you.
The bullfrog hits you but does no damage.
The killer bee stings you.
* * * LOW HITPOINT WARNING * * *
You are poisoned.
The killer bee poisons you!
You puncture the killer bee!
You kill the killer bee!
Okawaru accepts your kill.
You feel like a meek peon again.
You feel sick. You block the harpy's attack. The harpy claws you.
* * * LOW HITPOINT WARNING * * *
The bullfrog closely misses you. You block the harpy's attack.
The harpy barely misses you.
You closely miss the harpy.
The phantom blinks!
The bullfrog hits you.
* * * LOW HITPOINT WARNING * * *
You feel sick. The harpy claws you!
You die...

########### #####........)#
#####.............# ###
#...'..(........W.# ##≈#
#.###..(..........# ##≈≈≈
#.##≈.............# ##≈≈≈≈
##..≈≈...#......F§.# ##≈≈≈≈≈
...≈≈≈.≈........@H.# ##≈≈≈≈≈≈
.#≈≈≈..(..######†)≈#######÷≈≈≈≈≈≈
.#≈≈≈..8..# ##≈≈≈≈≈......#≈≈≈≈≈≈
.#.≈≈.8)8)# ##≈≈≈≈≈≈......##≈≈≈≈≈
.###≈8.∩(8# #≈≈≈≈≈≈≈......###≈≈≈≈
......8.8(# ##≈≈≈≈≈≈.............
....##(8).# ##≈≈≈≈≈...........Hh
....##.#..######≈≈≈#............H
#..%##........###≈#...........###


You could see a harpy, a phantom and a bullfrog.

Vanquished Creatures
  Snorg (D:12)
  Fannar (D:11)
  A hydra (D:10)
  2 two-headed ogres
  A tengu warrior (D:11)
  A skeletal warrior (D:11)
  2 unseen horrors
  2 manticores
  An orb spider (shapeshifter) (D:11)
  A cyclops (D:11)
  An oklob plant (D:12)
  A gargoyle (D:10)
  An efreet (D:10)
  Prince Ribbit (D:7)
  2 trolls
  2 dream sheep (D:10)
  2 hippogriffs
  A slime creature (D:12)
  A centaur simulacrum (D:11)
  A shadow (D:12)
  A water elemental (D:11)
  A wraith (D:10)
  11 yaks
  Grum (D:9)
  2 hogs (D:11)
  A steam dragon (D:10)
  2 hungry ghosts (D:10)
  Menkaure (D:5)
  A water moccasin (D:8)
  4 black bears
  8 orc warriors
  5 ice beasts
  4 sky beasts
  11 ogres
  2 wolves
  4 centaurs
  2 phantoms
  A crocodile (D:11)
  7 big kobolds
  2 gnoll sergeants
  4 bullfrogs
  6 scorpions
  19 killer bees
  2 howler monkeys (D:9)
  2 wights
  4 electric eels (D:11)
  2 centaur zombies
  6 crimson imps
  A bullfrog zombie (D:7)
  A quasit (D:10)
  10 orc priests
  4 centaur skeletons
  A jelly (D:9)
  A bullfrog skeleton (D:12)
  4 hounds
  5 iguanas
  12 orc wizards
  11 worker ants
  2 hound skeletons
  13 gnolls
  13 adders
  2 shadow imps
  3 oozes
  A worm (D:2)
  A dart slug (D:1)
  5 leopard geckos
  34 orcs
  A ball python (D:3)
  7 giant cockroaches
  6 goblins
  9 hobgoblins
  10 jackals
  3 quokkas
  7 bats
  6 frilled lizards
  29 kobolds
  2 leopard gecko skeletons
  A leopard gecko zombie (D:5)
  15 rats
362 creatures vanquished.

Vanquished Creatures (others)
  A shadow imp (D:10)
1 creature vanquished.

Grand Total: 363 creatures vanquished

Notes
Turn   | Place    | Note
-------+----------+-------------------------------------------
     0 | D:1      | Aphrodieselac the Merfolk Skald began the quest for the
                  | Orb.
     0 | D:1      | Reached XP level 1. HP: 16/16 MP: 3/3
   418 | D:1      | Reached XP level 2. HP: 22/22 MP: 0/5
   671 | D:1      | Reached XP level 3. HP: 27/27 MP: 6/6
   714 | D:1      | You fall through a shaft!
  1208 | D:2      | Reached skill level 4 in Polearms
  1359 | D:2      | Learned a level 2 spell: Song of Slaying
  1362 | D:2      | Learned a level 2 spell: Shroud of Golubria
  1508 | D:2      | Reached XP level 4. HP: 32/33 MP: 7/7
  1561 | D:2      | Found an opulent altar of Gozag.
  1562 | D:2      | Found a sparkling altar of Nemelex Xobeh.
  1998 | D:2      | Reached skill level 5 in Charms
  2258 | D:3      | Found a glowing golden altar of the Shining One.
  2339 | D:3      | Reached XP level 5. HP: 36/38 MP: 0/8
  2682 | D:2      | Reached skill level 5 in Polearms
  2831 | D:3      | Reached XP level 6. HP: 41/44 MP: 7/9
  3429 | D:4      | Found an ancient bone altar of Kikubaaqudgha.
  3433 | D:4      | Found a hide-covered altar of Uskayaw.
  3552 | D:4      | Found a runed translucent gate.
  3553 | D:4      | Found a runed translucent gate.
  3553 | D:4      | Found a runed translucent gate.
  3553 | D:4      | Noticed paraphrased's ghost (amateur GrGl)
  3676 | D:4      | Reached skill level 6 in Polearms
  3758 | D:5      | Entered Level 5 of the Dungeon
  3861 | D:4      | Reached XP level 7. HP: 50/50 MP: 4/10
  4497 | D:4      | Reached skill level 7 in Polearms
  4802 | D:5      | Reached XP level 8. HP: 56/56 MP: 0/11
  4871 | D:5      | Noticed Menkaure
  4886 | D:5      | Killed Menkaure
  4886 | D:5      | Reached skill level 8 in Polearms
  5413 | D:6      | Got a smelly ring mail
  5427 | D:6      | Identified the +4 ring mail of Dyspraxia {rC+ Regen+ Dex+4
                  | SInv} (You found it on level 6 of the Dungeon)
  5433 | D:6      | Learned a level 3 spell: Regeneration
  5437 | D:6      | Learned a level 3 spell: Spectral Weapon
  5510 | D:6      | Found a transporter.
  5600 | D:6      | Reached skill level 9 in Polearms
  5620 | D:6      | Reached skill level 10 in Charms
  5841 | D:6      | Noticed EldritchArcana's ghost (novice GnCj)
  5862 | D:6      | Reached XP level 9. HP: 58/61 MP: 7/12
  5944 | D:6      | Found a transporter.
  6016 | D:6      | Found a shimmering altar of Xom.
  6295 | D:6      | Reached skill level 10 in Polearms
  6752 | D:7      | Noticed Prince Ribbit
  6797 | D:7      | Found a burning altar of Makhleb.
  6825 | D:7      | Killed Prince Ribbit
  7072 | D:7      | Found a staircase to the Ecumenical Temple.
  7081 | Temple   | Entered the Ecumenical Temple
  7230 | Temple   | Became a worshipper of Warmaster Okawaru
  7368 | D:7      | Found an iron altar of Okawaru.
  7387 | D:7      | Reached skill level 11 in Polearms
  7669 | D:8      | Noticed a two-headed ogre
  7876 | D:7      | Killed a two-headed ogre
  7876 | D:7      | Reached * piety under Okawaru
  7876 | D:7      | Reached XP level 10. HP: 54/67 MP: 3/13
  8142 | D:8      | Reached skill level 12 in Polearms
  8340 | D:8      | Found a radiant altar of Vehumet.
  8642 | D:9      | Reached skill level 1 in Armour
  8846 | D:9      | Reached ** piety under Okawaru
  8904 | D:9      | Reached skill level 13 in Polearms
  9513 | D:10     | Entered Level 10 of the Dungeon
  9615 | D:10     | Found a large runed translucent door.
  9615 | D:10     | Found a large runed translucent door.
  9624 | D:10     | Found a large runed translucent door.
  9624 | D:10     | Found a large runed translucent door.
  9655 | D:10     | Noticed a gargoyle
  9691 | D:10     | Killed a gargoyle
  9691 | D:10     | Reached *** piety under Okawaru
  9691 | D:10     | Reached XP level 11. HP: 29/72 MP: 5/14
  9800 | D:10     | Noticed a manticore
  9822 | D:10     | Killed a manticore
 10010 | D:10     | Reached skill level 5 in Armour
 10085 | D:10     | Reached skill level 14 in Polearms
 10224 | D:10     | Found Folom's Assorted Antiques.
 10419 | D:10     | Noticed Grum
 10612 | D:10     | Reached **** piety under Okawaru
 10994 | D:9      | Killed Grum
 11028 | D:10     | Found a staircase to the Orcish Mines.
 11264 | D:10     | Noticed a three-headed hydra
 11286 | D:10     | Killed a one-headed hydra
 11681 | D:11     | Found a portal to a secret trove of treasure.
 11685 | D:11     | Noticed Fannar
 11791 | D:11     | Reached ***** piety under Okawaru
 11798 | D:11     | Noticed a two-headed ogre
 12051 | D:10     | Killed a two-headed ogre
 12051 | D:10     | Reached skill level 15 in Polearms
 12109 | D:11     | Noticed an orb spider
 12135 | D:11     | Killed an orb spider
 12138 | D:11     | Noticed a tengu warrior
 12162 | D:11     | Killed a tengu warrior
 12162 | D:11     | Reached XP level 12. HP: 35/78 MP: 0/15
 12631 | D:11     | Killed Fannar
 12631 | D:11     | Received a gift from Okawaru
 12922 | D:12     | Found Raunuuw's Distillery.
 12955 | D:12     | Reached skill level 16 in Polearms
 13001 | D:12     | Found Visotax's Antique Armour Emporium.
 13036 | D:12     | Found a hazy altar of Hepliaklqana.
 13083 | D:12     | Identified the +10 morningstar of Eternity {holy, *Corrode
                  | +Blink rPois Dex+4}
 13132 | D:12     | Noticed Snorg
 13224 | D:12     | Killed Snorg
 13224 | D:12     | Reached skill level 5 in Dodging
 13434 | D:12     | Noticed Kirke
 13538 | D:11     | HP: 1/78 [killer bee (5)]
 13553 | D:11     | Slain by a harpy

Skill      XL: |  1  2  3  4  5  6  7  8  9 10 11 12 |
---------------+-------------------------------------+-----
Charms         | 4 5 6 7 8 10 12 13 | 13.0
Polearms       | 4 5 6 7 9 11 13 15 16 | 16.6
Armour         | 4 7 9 |  9.1
Dodging        | 6 |  6.1
Fighting       | |  2.1
Spellcasting   | |  2.0

Action                   |  1- 3 |  4- 6 |  7- 9 | 10-12 || total
-------------------------+-------+-------+-------+-------++-------
Melee: Spear             |   157 |       |       |       ||   157
       Trident           |     5 |   184 |   543 |  1411 ||  2143
       Falchion          |       |       |       |     5 ||     5
 Fire: Hunting sling     |       |       |       |     2 ||     2
Throw: Tomahawk          |       |       |     5 |     1 ||     6
 Cast: Infusion          |     4 |    11 |    23 |    41 ||    79
       Shroud of Golubri |       |    11 |    18 |    34 ||    63
       Song of Slaying   |       |       |     4 |    13 ||    17
       Spectral Weapon   |       |       |       |     1 ||     1
Invok: Heroism           |       |       |       |     1 ||     1
  Use: Scroll            |       |     1 |     5 |     5 ||    11
       Potion            |       |       |     2 |     1 ||     3
 Stab: Sleeping          |     3 |     1 |       |     1 ||     5
  Eat: Chunk             |     2 |     8 |    31 |    31 ||    72
       Ration            |       |       |       |     1 ||     1
Armor: Leather armour    |    35 |    34 |       |       ||    69
       Ring mail         |       |    17 |   151 |   430 ||   598
Dodge: Dodged            |    59 |    89 |   189 |   537 ||   874
Block: Buckler           |       |       |    44 |   174 ||   218
       Rpst.: Falchion   |       |       |       |     1 ||     1
